 Dungeon Crawl Stone Soup version 0.22-a0-379-ga9d99d6 (webtiles) character file.

43 Kairos the Skirmisher (level 3, 20/20 HPs)
             Began as a Vine Stalker Fighter on Apr 28, 2018.
             Quit the game on level 2 of the Dungeon.
             The game lasted 00:01:23 (989 turns).

Kairos the Skirmisher (Vine Stalker Fighter)         Turns: 989, Time: 00:01:24

Health: 20/20      AC:  7    Str: 19    XL:     3   Next: 58%
Magic:  4/4        EV:  7    Int:  8    God:
Gold:   67         SH:  9    Dex: 13    Spells: 2/2 levels left

rFire    . . .     SeeInvis .   a - +0 war axe
rCold    . . .     Gourm    .   c - +0 shield
rNeg     . . .     Faith    .   b - +0 scale mail
rPois    .         Spirit   +   (no helmet)
rElec    .         Reflect  .   (no cloak)
rCorr    .         Harm     .   k - +0 pair of gloves
MR       .....                  (no boots)
Stlth    ..........             o - amulet of inaccuracy (curse)
HPRegen  0.06/turn              (no ring)
MPRegen  0.09/turn              (no ring)

@: no status effects
A: fangs 2, magic shield, antimagic bite, no potion heal 3, rot immunity
a: no special abilities


You were on level 2 of the Dungeon.
You were not hungry.

You visited 1 branch of the dungeon, and saw 2 of its levels.

You collected 67 gold pieces.

Inventory:

Hand Weapons
 a - a +0 war axe (weapon)
Missiles
 e - 6 tomahawks of returning (quivered)
Armour
 b - a +0 scale mail (worn)
 c - a +0 shield (worn)
 k - a +0 pair of gloves (worn)
Jewellery
 o - a cursed amulet of inaccuracy (around neck)
Scrolls
 g - a scroll of blinking {unknown}
 h - a scroll of immolation {unknown}
 i - 2 scrolls of random uselessness {unknown}
 m - a scroll of identify {unknown}
 n - a scroll of enchant weapon {unknown}
 p - a scroll of remove curse {unknown}
Potions
 d - a potion of might
 j - a potion of haste {unknown}
 l - 2 potions of curing {unknown}
Comestibles
 f - 3 rations


   Skills:
 + Level 3.1 Fighting
 + Level 2.2 Axes
 + Level 2.7 Armour
 + Level 0.1 Dodging
 + Level 3.0 Shields


You had 2 spell levels left.
You didn't know any spells.

Dungeon Overview and Level Annotations

Branches:
Dungeon (2/15)

Altars:
Dithmenos
Yredelemnul


Innate Abilities, Weirdness & Mutations

You have extremely sharp teeth.
When hurt, damage is shared between your health and your magic reserves.
Your bite disrupts and absorbs the magic of your enemies.
Potions cannot restore your health.
You are immune to rotting.


Message History

No target in view!
No target in view!
No target in view!
No target in view!
You see here a bat skeleton.
There is a stone staircase leading up here.
Found a dagger.
There is a stone staircase leading up here.
You see here a frilled lizard skeleton.
There is a stone staircase leading down here.
Done exploring.
Done exploring.
Done exploring.
No target in view!
Done exploring.
Done exploring.
Done exploring.
Oops, that amulet feels deathly cold.
o - a cursed amulet of inaccuracy (around neck) Are you sure you want to abandon this character and quit the game? (Confirm with "yes".)

###.<.......##....#
.##........>##....#
..##...)(...#####.#
#..#........# #.#
##..........# #.#
###...###.### #.#
.....####'## #.#
.....###..^######.#
..)..##^...^##..@.#
.....###^^.#####..#
.....##^._.^# ####
.....########
.....## ......#
#######


There were no monsters in sight!

Vanquished Creatures
  A dart slug (D:1)
  A leopard gecko (D:1)
  4 giant cockroaches
  3 goblins
  3 hobgoblins
  5 jackals
  4 kobolds
  5 bats
  5 frilled lizards
  6 rats
  A spectral orc (D:2)
38 creatures vanquished.

Notes
Turn   | Place    | Note
-------+----------+-------------------------------------------
     0 | D:1      | Kairos the Vine Stalker Fighter began the quest for the Orb.
     0 | D:1      | Reached XP level 1. HP: 11/11 MP: 2/2
   103 | D:1      | Reached XP level 2. HP: 16/16 MP: 3/3
   338 | D:1      | Reached XP level 3. HP: 15/20 MP: 4/4
   689 | D:2      | Found a shadowy altar of Dithmenos.
   837 | D:2      | Found a basalt altar of Yredelemnul.
   989 | D:2      | Quit the game

Vault maps used:
D:1:      lemuel_arrival_lava_pool
D:2:      yredelemnul_forgotten_temple_becter, first_ration,
          nicolae_dithmenos_through_a_glass_darkly

Skill      XL: |  1  2  3 |
---------------+----------+-----
Fighting       | 3 |  3.1
Axes           | 2 |  2.2
Shields        | 3 |  3.0
Armour         | |  2.7
Dodging        | |  0.1

Action                   || total
-------------------------++-------
Melee: War axe           ||    94
       Bite              ||    25
Armor: Scale mail        ||    41
Dodge: Dodged            ||    36
Block: Shield            ||    53

Table legend:
 A = Spawn XP
 B = Non-spawn XP
 C = Spawn XP percentage of total XP
 D = Spawn monster count
 E = Non-spawn monster count
 F = Spawn count percentage of total count
 G = Total turns spent on level
                    A         B        C        D         E        F      G
               +---------+---------+-------+---------+---------+-------+---------
         Total |       0 |      62 |   0.0 |       0 |      38 |   0.0 |   989
               +---------+---------+-------+---------+---------+-------+---------
           D:1 |       0 |      39 |   0.0 |       0 |      23 |   0.0 |   563
           D:2 |       0 |      23 |   0.0 |       0 |      15 |   0.0 |   426
               +---------+---------+-------+---------+---------+-------+---------
